 Dungeon Crawl Stone Soup version 0.14.2 (webtiles) character file.

325 fredomojojo the Stinger (level 6, -1/36 HPs)
             Began as an Octopode Venom Mage on Nov 25, 2015.
             Slain by an orc wizard
             ... wielding a +0,+0 dagger
              (4 damage)
             ... on Level 4 of the Dungeon.
             The game lasted 00:37:13 (2801 turns).

fredomojojo the Stinger (Octopode Venom Mage)       Turns: 2801, Time: 00:37:14

HP  -1/36        AC  1     Str  7      XL: 6   Next:  2%
MP   8/11        EV 14     Int 18      God:
Gold 98          SH  0     Dex 14      Spells:  2 memorised,  7 levels left

rFire  . . .     SeeInvis .     h - +0,+1 dagger
rCold  . . .     Clarity  .     (no shield)
rNeg   . . .     Conserve .     (helmet restricted)
rPois  .         rCorr    .     (no amulet)
rElec  .         rRot     .     d - +1 ring of evasion
SustAb . .       Spirit   .     (no ring)
rMut   .         Warding  .     (no ring)
Saprov . . .     Stasis   .     (no ring)
MR     .....                    (no ring)
                                (no ring)
                                (no ring)
                                (no ring)

@: not resistant to hostile enchantments, very stealthy
A: almost no armour, amphibious, 8 rings, constrict 8, camouflage 1, gelatinous
body 1
a: no special abilities


You were on level 4 of the Dungeon.
You were not hungry.

You visited 1 branch of the dungeon, and saw 5 of its levels.

You collected 98 gold pieces.

Inventory:

Hand weapons
 g - a +0,+1 short sword of protection
 h - a +0,+1 dagger (weapon)
 B - a +0,+0 dagger
 C - a +0,+0 falchion
Missiles
 e - 16 darts of dispersal
 j - 13 sling bullets of frost
 s - 31 darts (quivered)
 v - 23 sling bullets
 x - 37 stones
Magical devices
 F - a wand of magic darts (7)
 G - a wand of flame (12) {unknown}
Comestibles
 c - 4 bread rations
 i - a chunk of giant newt flesh
 l - 4 meat rations
 t - 3 rotting chunks of hobgoblin flesh
Scrolls
 f - 2 scrolls of blinking
 k - a scroll of immolation
 m - a scroll of noise {unknown}
 n - a scroll of enchant weapon I {unknown}
 q - a scroll of identify
 u - 3 scrolls of teleportation
 y - a scroll of enchant armour {unknown}
 I - a scroll of magic mapping {unknown}
 J - a scroll of enchant weapon II {unknown}
Jewellery
 d - a +1 ring of evasion (left tentacle)
Potions
 a - 2 potions of curing
 o - a potion of degeneration {unknown}
 p - a potion of lignification {unknown}
 r - a potion of agility
 A - a potion of restore abilities {unknown}
 D - a potion of heal wounds {unknown}
 E - a potion of might {unknown}
 H - a potion of confusion {unknown}
 K - a potion of flight {unknown}
Books
 b - a Young Poisoner's Handbook

   Spells                             Type                      Level
   *Sting                             Conjuration/Poison           1
   *Cure Poison                       Poison                       2
   Mephitic Cloud                     Conjuration/Poison/Air       3
   Olgreb's Toxic Radiance            Poison                       4
   Venom Bolt                         Conjuration/Poison           5


   Skills:
 + Level 0.6 Short Blades
 + Level 0.2 Throwing
 * Level 3.5 Dodging
 * Level 5.1 Stealth
 + Level 2.6 Spellcasting
 + Level 0.8 Conjurations
 + Level 5.8 Poison Magic


You had 7 spell levels left.
You knew the following spells:

 Your Spells              Type           Power        Failure   Level  Hunger
a - Sting                 Conj/Pois      ##..         6%          1    #......
b - Cure Poison           Pois           ###.......   1%          2    ##.....


Dungeon Overview and Level Annotations

Branches:
Dungeon (5/15)
 Temple: D:4-7

Altars:
Ashenzari
Vehumet
The Shining One


Innate Abilities, Weirdness & Mutations

You cannot wear most types of armour.
You are amphibious.
You can wear up to eight rings at the same time.
You can use your tentacles to constrict many enemies at once.
Your skin changes colour to match your surroundings (Stlth).
Your rubbery body absorbs attacks (AC +1).


Message History

Your experience leads to an increase in your attributes!
Increase (S)trength, (I)ntelligence, or (D)exterity?
You feel agile.
You hear some strange, mumbled words.
The puff of flame hits you!
* * * LOW HITPOINT WARNING * * *
You barely miss the orc wizard. You grab the orc wizard.
You squeeze the orc wizard.
The orc wizard is lightly wounded.
You constrict the orc wizard. The orc wizard hits you with a dagger.
* * * LOW HITPOINT WARNING * * *
You hit the orc wizard.
The orc wizard is moderately wounded.
You constrict the orc wizard. The orc wizard hits you with a dagger.
* * * LOW HITPOINT WARNING * * *
You hit the orc wizard.
You squeeze the orc wizard, but do no damage.
The orc wizard is heavily wounded.
You constrict the orc wizard. The orc wizard hits you with a dagger.
You die...

######+#..#..#
#.............
#.........#### .
#.<.......# ...
####.........# ...%
#..'.........# .....
##.##.........#
.......#..##.>.......####
.....).o@###.........'...
.......### #.........####
##### #.........#
########'## ####..#
#....## ######'######
#...........#
#...........#


You could see an orc wizard.

Vanquished Creatures
  An orc wizard (D:4)
  A worker ant (D:4)
  3 gnolls (D:2)
  6 adders
  An inept feature mimic (D:2)
  A giant mite (D:4)
  3 giant geckos (D:2)
  2 oozes
  2 orcs (D:4)
  A ball python (D:2)
  10 bats
  4 giant cockroaches
  12 goblins
  8 hobgoblins
  3 quokkas
  5 giant newts
  3 jackals (D:2)
  5 kobolds
  7 rats
78 creatures vanquished.

Notes
Turn   | Place    | Note
--------------------------------------------------------------
     0 | D:1      | fredomojojo, the Octopode Venom Mage, began the quest for the Orb.
     0 | D:1      | Reached XP level 1. HP: 11/11 MP: 3/3
    60 | D:1      | Reached skill level 5 in Poison Magic
   150 | D:2      | Reached XP level 2. HP: 7/17 MP: 2/4
   523 | D:2      | Reached XP level 3. HP: 21/21 MP: 6/6
   904 | D:2      | Found a glowing golden altar of the Shining One.
   953 | D:2      | Reached XP level 4. HP: 27/27 MP: 4/7
  1095 | D:2      | Found a radiant altar of Vehumet.
  1353 | D:2      | Reached XP level 5. HP: 12/31 MP: 6/9
  1634 | D:2      | Learned a level 2 spell: Cure Poison
  2118 | D:4      | Found a shattered altar of Ashenzari.
  2602 | D:4      | Reached skill level 5 in Stealth
  2759 | D:5      | Entered Level 5 of the Dungeon
  2798 | D:4      | Reached XP level 6. HP: 15/36 MP: 7/11
  2801 | D:4      | Slain by an orc wizard

Action                   |  1- 3 |  4- 6 || total
-------------------------+-------+-------++-------
Melee: Dagger            |    72 |    73 ||   145
       Unarmed           |     3 |     8 ||    11
Throw: Dart              |     5 |    10 ||    15
 Cast: Sting             |    20 |    35 ||    55
       Cure Poison       |       |     2 ||     2
  Use: Scroll            |     4 |     4 ||     8
 Stab: Sleeping          |     7 |    10 ||    17
